 Dungeon Crawl Stone Soup version 0.20.2-3-g29329e0561 (webtiles) character file.

9587 Alfie the Slicer (level 11, -3/94 HPs)
             Began as a Hill Orc Fighter on Dec 19, 2022.
             Slain by an acid dragon (12 damage)
             ... on level 12 of the Dungeon.
             The game lasted 00:34:54 (9022 turns).

Alfie the Slicer (Hill Orc Fighter)                 Turns: 9022, Time: 00:34:54

Health: -3/94      AC:  7    Str: 23    XL:     11   Next: 48%
Magic:  11/11      EV: 11    Int:  8    God:
Gold:   127        SH: 13    Dex: 10    Spells: 10/10 levels left

rFire    . . .     SeeInvis .   a - +0 rapier
rCold    + . .     Gourm    .   c - +1 shield
rNeg     . . .     Faith    .   b - +1 scale mail
rPois    .         Spirit   .   o - +0 helmet
rElec    .         Reflect  .   y - +0 cloak
rCorr    .         Harm     .   q - +2 pair of gloves
MR       .....                  (no boots)
Stlth    ..........             s - amulet of regeneration
Regen    0.7/turn               v - ring of protection from cold
MPRegen  0.2/turn               (no ring)

@: corroded
A: no striking features
a: no special abilities


You were on level 12 of the Dungeon.
You were not hungry.

You visited 1 branch of the dungeon, and saw 12 of its levels.

You collected 127 gold pieces.

Inventory:

Hand Weapons
 a - a +0 rapier (weapon)
Missiles
 g - 8 tomahawks (quivered)
Armour
 b - a +1 scale mail (worn)
 c - a +1 shield (worn)
 o - a +0 helmet (worn)
 q - a +2 pair of gloves (worn)
 y - a +0 cloak (worn)
Jewellery
 l - an uncursed ring of fire
 p - an uncursed ring of fire
 s - an amulet of regeneration (around neck)
 v - a ring of protection from cold (left hand)
Wands
 w - a wand of random effects (34/48)
 A - a wand of random effects (38/48)
Scrolls
 d - a scroll of fear
 e - a scroll of remove curse
 k - a scroll of magic mapping
 r - 2 scrolls of fog
 t - 3 scrolls of teleportation
Potions
 h - 3 potions of brilliance
 i - a potion of mutation
 j - 3 potions of berserk rage
 n - 2 potions of lignification
 u - 2 potions of flight
 x - a potion of resistance
 z - a potion of cancellation {unknown}
 B - a potion of degeneration {unknown}
 D - a potion of might
 G - a potion of haste {unknown}
Books
 m - a book of Air

   Spells                             Type                      Level
   a - Shock                          Conjuration/Air              1
   b - Swiftness                      Charms/Air                   2
   c - Static Discharge               Conjuration/Air              3
   d - Airstrike                      Air                          4
   e - Lightning Bolt                 Conjuration/Air              5
 E - a book of Alchemy

   Spells                             Type                      Level
   a - Sublimation of Blood           Necromancy                   2
   b - Ignite Poison                  Fire/Transmutation/Poison    3
   c - Petrify                        Transmutation/Earth          4
   d - Alistair's Intoxication        Transmutation/Poison         5
   e - Irradiate                      Conjuration/Transmutation    5
Comestibles
 f - 6 bread rations
 C - 11 royal jellies
 F - 2 meat rations


   Skills:
 + Level 8.3 Fighting
 + Level 10.5 Short Blades
 + Level 0.3 Throwing
 + Level 8.6 Armour
 + Level 4.7 Dodging
 + Level 0.6 Stealth
 + Level 10.4 Shields


You had 10 spell levels left.
You didn't know any spells.

Dungeon Overview and Level Annotations

Branches:
Dungeon (12/15)            Temple (0/1) D:5
   Lair: D:8-11         Orc: D:9-12

Altars:
Fedhas
Vehumet

Annotations:
D:10 Maurice


Message History

The acid dragon is severely wounded.
You hit the acid dragon but do no damage.
The acid dragon is severely wounded.
The acid dragon closely misses you. You block the acid dragon's attack.
You hit the acid dragon but do no damage.
The acid dragon is severely wounded.
The acid dragon spits acid at you. The splash of acid hits you!
You are splashed with acid!
The acid burns!
* * * LOW HITPOINT WARNING * * *
You closely miss the acid dragon.
The acid dragon is severely wounded.
You hit the acid dragon but do no damage.
The acid dragon is severely wounded.
The acid dragon bites you!
* * * LOW HITPOINT WARNING * * *
You block the acid dragon's attack.
You hit the acid dragon but do no damage.
The acid dragon is severely wounded.
The acid dragon bites you!
You die...

.#########..[
##+#..........#
.# #....
....#..)##### .#
#.... ####<##...#
.#
......+.........#
(#
...DJ.####.###..#
(#
≈≈≈"..'.#....#..#
##
##≈...#.#....#[.#
#≈.. #D#.####..#
#≈≈. #@#.# #..#
## +.. #.#.# #.[#
.# #≈ #.#)# #..#
.# # #.#.# #..#
.# #.#.# #..# .#
#.#.# #..# .#
#.#.# #..# .#
#.#.####..# .#
#.#.......#


You could see an acid dragon.

Vanquished Creatures
  The ghost of Alfie the Cutter, a novice HOFi (D:7)
  An unseen horror (D:11)
  The ghost of Alfie the Cutter, a novice HOFi (D:6)
  A cyclops (D:12)
  A gargoyle (D:12)
  A centaur skeleton (D:11)
  A queen bee (D:11)
  2 trolls
  A hornet (D:8)
  2 hippogriffs
  Eustachio (D:4)
  A shadow (D:12)
  A wyvern (D:11)
  The ghost of Alfie the Skirmisher, an amateur HOFi (D:4)
  A spriggan (D:7)
  4 hungry ghosts
  2 steam dragons (D:6)
  2 orc warriors
  3 ice beasts
  A phantom (D:8)
  3 centaurs
  4 ogres
  2 big kobolds
  6 bullfrogs
  4 scorpions
  23 killer bees (D:11)
  3 wights (D:8)
  A howler monkey (D:8)
  2 crimson imps
  2 bullfrog zombies
  4 bullfrog skeletons
  2 hounds
  4 jellies
  2 orc priests
  9 orc wizards
  5 iguanas
  9 worker ants
  A killer bee zombie (D:8)
  A hound zombie (D:9)
  A hound skeleton (D:6)
  2 howler monkey zombies
  A worker ant zombie (D:11)
  4 gnolls (D:2)
  13 adders
  2 howler monkey skeletons
  4 shadow imps
  5 leopard geckos
  43 orcs
  9 bats
  2 giant cockroaches
  8 goblins
  4 hobgoblins
  10 jackals
  7 quokkas
  A ball python (D:7)
  4 frilled lizards
  A giant cockroach zombie (D:5)
  18 kobolds
  2 leopard gecko skeletons (D:4)
  A quokka skeleton (D:6)
  A quokka zombie (D:8)
  5 rats
264 creatures vanquished.

Notes
Turn   | Place    | Note
-------+----------+-------------------------------------------
     0 | D:1      | Alfie the Hill Orc Fighter began the quest for the Orb.
     0 | D:1      | Reached XP level 1. HP: 19/19 MP: 1/1
   171 | D:1      | Reached XP level 2. HP: 27/27 MP: 2/2
   628 | D:2      | Reached XP level 3. HP: 33/33 MP: 3/3
   978 | D:2      | Reached XP level 4. HP: 30/40 MP: 4/4
  1486 | D:3      | Reached XP level 5. HP: 46/46 MP: 5/5
  2044 | D:4      | Noticed Alfie's ghost (amateur HOFi)
  2063 | D:4      | Killed Alfie's ghost
  2063 | D:4      | Reached skill level 1 in Dodging
  2063 | D:4      | Reached XP level 6. HP: 45/53 MP: 6/6
  2159 | D:4      | Found a radiant altar of Vehumet.
  2329 | D:4      | Reached skill level 5 in Shields
  2471 | D:4      | Noticed Eustachio
  2501 | D:4      | Killed Eustachio
  2501 | D:4      | Reached XP level 7. HP: 34/60 MP: 7/7
  3092 | D:5      | Entered Level 5 of the Dungeon
  3160 | D:5      | Found a staircase to the Ecumenical Temple.
  3494 | D:5      | Reached skill level 5 in Short Blades
  3631 | D:5      | Reached skill level 5 in Armour
  4030 | D:6      | Reached XP level 8. HP: 54/67 MP: 8/8
  4187 | D:6      | Reached skill level 5 in Fighting
  4460 | D:6      | Noticed Alfie's ghost (novice HOFi)
  4537 | D:6      | Killed Alfie's ghost
  4537 | D:6      | Reached XP level 9. HP: 33/74 MP: 9/9
  5490 | D:7      | Found a blossoming altar of Fedhas.
  5764 | D:7      | Noticed Alfie's ghost (novice HOFi)
  5835 | D:7      | Killed Alfie's ghost
  5835 | D:7      | Reached XP level 10. HP: 46/84 MP: 10/10
  6663 | D:8      | Paralysed by a hornet for 3 turns
  7303 | D:10     | Entered Level 10 of the Dungeon
  7316 | D:10     | Noticed Maurice
  7678 | D:11     | Reached XP level 11. HP: 80/92 MP: 11/11
  7746 | D:11     | Reached skill level 10 in Short Blades
  7805 | D:11     | HP: 1/92 [ogre/giant spiked club (25)]
  7822 | D:11     | Reached skill level 10 in Shields
  8257 | D:11     | Killed an unseen horror
  8863 | D:12     | Noticed a cyclops
  8880 | D:12     | Killed a cyclops
  9022 | D:12     | Slain by an acid dragon

Skill      XL: |  1  2  3  4  5  6  7  8  9 10 11 |
---------------+----------------------------------+-----
Fighting       | 4 5 6 7 8 |  8.3
Shields        | 4 5 7 8 9 10 | 10.4
Short Blades   | 3 4 5 7 8 9 10 | 10.5
Armour         | 4 5 6 7 8 |  8.6
Dodging        | 1 2 3 4 |  4.7
Throwing       | |  0.3
Stealth        | |  0.6

Action                   |  1- 3 |  4- 6 |  7- 9 | 10-12 || total
-------------------------+-------+-------+-------+-------++-------
Melee: Rapier            |   144 |   172 |   694 |   902 ||  1912
Throw: Tomahawk          |       |       |       |    14 ||    14
  Use: Scroll            |     7 |     6 |     9 |     8 ||    30
       Potion            |       |     1 |     2 |     8 ||    11
  Eat: Fruit             |       |     3 |       |       ||     3
       Royal jelly       |       |     1 |     2 |     3 ||     6
       Chunk             |       |     1 |       |       ||     1
       Bread ration      |       |       |     3 |     1 ||     4
       Meat ration       |       |       |       |     2 ||     2
Armor: Scale mail        |    75 |    89 |   216 |   325 ||   705
Dodge: Dodged            |    52 |    50 |   154 |   246 ||   502
Block: Shield            |    94 |    74 |   296 |   464 ||   928
